 Dungeon Crawl Stone Soup version 0.29.1-15-g9cfb28693d (webtiles) character file.

Game seed: 7800033495146164183

23 H0rd4k the Charlatan (level 3, 0/24 HPs)
             Began as an Octopode Artificer on Mar 27, 2023.
             Slain by a gnoll
             ... wielding a +0 flail
              (5 damage)
             ... on level 1 of the Dungeon.
             The game lasted 00:00:28 (830 turns).

H0rd4k the Charlatan (Octopode Artificer)            Turns: 830, Time: 00:00:29

Health: 0/24       AC:  1    Str: 11    XL:     3   Next: 0%
Magic:  4/4        EV: 13    Int: 15    God:
Gold:   2          SH:  0    Dex: 12    Spells: 4/4 levels left

rFire   . . .      SeeInvis .   (no weapon)
rCold   . . .      Faith    .   (no shield)
rNeg    . . .      Spirit   .   (helmet restricted)
rPois   .          Reflect  .   (no amulet)
rElec   .          Harm     .   (no ring)
rCorr   .          Rampage  .   (no ring)
Will    .....                   (no ring)
Stlth   +++.......              (no ring)
HPRegen 0.08/turn               (no ring)
MPRegen 0.09/turn               (no ring)
                                (no ring)
                                (no ring)

@: no status effects
A: almost no armour, amphibious, 8 rings, camouflage 1, gelatinous body 1,
(nimble swimmer 1), tentacles
a: no special abilities


You were on level 1 of the Dungeon.
You visited 1 branch of the dungeon, and saw 1 of its levels.

You collected 2 gold pieces.

Inventory:

Wands
 b - a wand of flame (15) (quivered)
 c - a wand of charming (15)
 d - a wand of iceblast (5)
Potions
 a - a potion of brilliance {unknown}
 e - a potion of berserk rage {unknown}


   Skills:
 * Level 2.0 Fighting
 - Level 2.3 Dodging
 - Level 1.3 Stealth
 + Level 0.7 Unarmed Combat
 * Level 1.1 Spellcasting
 - Level 3.2 Evocations


You had 4 spell levels left.
You didn't know any spells.
Your spell library was empty.

Dungeon Overview and Level Annotations

Branches:
Dungeon (1/15)

Altars:


Innate Abilities, Weirdness & Mutations

You cannot wear most types of armour.
You are amphibious.
You can wear up to eight rings at the same time.
Your skin changes colour to match your surroundings (Stealth+).
Your rubbery body absorbs attacks. (AC +1, EV +1)
((You are camouflaged when in or above water. (Stealth+)))
You have tentacles for arms and can constrict up to eight enemies at once.


Message History

A giant cockroach comes into view.
A giant cockroach is nearby!
A giant cockroach is nearby!
A giant cockroach is nearby!
A giant cockroach is nearby!
A giant cockroach is nearby!
The helpless giant cockroach fails to defend itself.
You tentacle-slap the giant cockroach. You grab the giant cockroach.
The giant cockroach is moderately wounded.
You constrict the giant cockroach, but do no damage.
The giant cockroach closely misses you.
A giant cockroach is nearby!
You tentacle-slap the giant cockroach but do no damage.
You squeeze the giant cockroach.
You kill the giant cockroach!
You have reached level 3!
Your experience leads to an increase in your attributes!
Increase (S)trength, (I)ntelligence, or (D)exterity?
You feel clever. x2
A gnoll comes into view. It is wielding a +0 flail.
The gnoll shouts!
A gnoll is nearby!
A gnoll is nearby!
A gnoll is nearby!
You closely miss the gnoll. Your grab misses the gnoll.
Your squeeze misses the gnoll. The gnoll closely misses you.
You barely miss the gnoll. You grab the gnoll. You constrict the gnoll.
The gnoll barely misses you.
You tentacle-slap the gnoll but do no damage.
The gnoll is lightly wounded.
You constrict the gnoll. The gnoll hits you with a +0 flail!
You tentacle-slap the gnoll.
You squeeze the gnoll, but do no damage.
The gnoll is moderately wounded.
You constrict the gnoll. The gnoll hits you with a +0 flail!
* * * LOW HITPOINT WARNING * * *
You tentacle-slap the gnoll but do no damage.
The gnoll is moderately wounded.
You constrict the gnoll. The gnoll hits you with a +0 flail.
You die...

#.. ## ... ### #..
.. ..# ..# #.. .
... ...+ ### #.
#.# ...# #.####.#
....## #...##.#
#...... #
#.#.##.##.......
#.#.......@g......
#.#.#.#.#.#.#.....
#.#.#.#.#.#.# ...
#...#.#.#.#.# .
#...#.#.#.#.#
#.#.#.#.#.#.#
#.#..........
#.#.###..###.
#.#.####.#


You could see a gnoll.

Vanquished Creatures
  2 dart slugs (D:1)
  2 bats (D:1)
  2 endoplasms (D:1)
  3 giant cockroaches (D:1)
  A hobgoblin (D:1)
  3 kobolds (D:1)
  2 ball pythons (D:1)
  2 frilled lizards (D:1)
  A rat (D:1)
18 creatures vanquished.

Notes
Turn   | Place    | Note
-------+----------+-------------------------------------------
     0 | D:1      | H0rd4k the Octopode Artificer began the quest for the Orb.
     0 | D:1      | Reached XP level 1. HP: 13/13 MP: 1/1
   339 | D:1      | Reached XP level 2. HP: 16/18 MP: 2/2
   515 | D:1      | Reached skill level 1 in Spellcasting
   820 | D:1      | Reached XP level 3. HP: 24/24 MP: 4/4
   830 | D:1      | Slain by a gnoll

Illustrated notes

Levels and vault maps discovered:
D:1:      mrwooster_arrival_statue_2, layout_basic, minmay_misc_feat_rows

Skill      XL: |  1  2 |
---------------+-------+-----
Spellcasting   | 1 |  1.1
Fighting       | 2 |  2.0
Dodging        | |  2.3
Stealth        | |  1.3
Unarmed Combat | |  0.7
Evocations     | |  3.2

Action                   || total
-------------------------++-------
Melee: Unarmed           ||    57
       Tentacles         ||    12
       Constrict         ||    13
       Punch             ||     3
 Stab: Sleeping          ||     6
Armor: Skin              ||     9
Dodge: Dodged            ||    39
